 Dungeon Crawl Stone Soup version 0.26-a0-651-gb41185065b (webtiles) character file.

Game seed: 18061797163644198479

2781 kae the Grappler (level 9, -3/64 HPs)
             Began as a Grey Draconian Transmuter on Oct 13, 2020.
             Was a High Priest of Uskayaw.
             Slain by a two-headed ogre
             ... wielding a +0 giant club
              (27 damage)
             ... on level 8 of the Dungeon.
             The game lasted 00:08:29 (8991 turns).

kae the Grappler (Grey Draconian Transmuter)        Turns: 8991, Time: 00:08:30

Health: -3/64      AC:  6    Str: 15    XL:     9   Next: 43%
Magic:  12/12      EV: 19    Int: 21    God:    Uskayaw [*****.]
Gold:   337        SH:  0    Dex: 21    Spells: 6/12 levels left

rFire    . . .     SeeInvis .     - Unarmed
rCold    . . .     Faith    .   (shield currently unavailable)
rNeg     . . .     Spirit   .   (armour unavailable)
rPois    x         Reflect  .   (helmet currently unavailable)
rElec    .         Harm     .   (cloak currently unavailable)
rCorr    .         Rampage  .   (gloves currently unavailable)
MR       .....                  (boots currently unavailable)
Stlth    +.........             t - amulet "Hasmiuxt" {Regen+ Dex+5 Stlth-}
HPRegen  0.60/turn              a - +6 ring of intelligence
MPRegen  0.13/turn              q - +4 ring of protection

@: spider-form (expiring)
A: tiny, (walk through water), unfitting armour, AC +12
a: End Transformation, Stomp, Line Pass, Grand Finale, Renounce Religion


You were on level 8 of the Dungeon.
You worshipped Uskayaw.
Uskayaw was noncommittal.
You were a venomous arachnid creature.
You visited 1 branch of the dungeon, and saw 8 of its levels.

You collected 337 gold pieces.

Inventory:

Hand Weapons
 d - a +2 hand axe (melded)
Armour
 b - a +1 pair of gloves (melded)
 i - a +0 pair of boots (melded)
Jewellery
 a - a +6 ring of intelligence (left front leg)
 c - an uncursed ring of flight
 k - an uncursed amulet of the acrobat
 q - a +4 ring of protection (right front leg)
 r - an uncursed amulet of regeneration
 t - the amulet "Hasmiuxt" (around neck) {Regen+ Dex+5 Stlth-}
   (You acquired it on level 7 of the Dungeon)

   [amulet of regeneration]

   It affects your dexterity (+5).
   It increases your rate of regeneration.
   It makes you less stealthy.
Wands
 s - a wand of polymorph (7)
Scrolls
 e - a scroll of teleportation
 f - 2 scrolls of amnesia
 g - a scroll of enchant armour
 j - 4 scrolls of remove curse
 n - a scroll of fog
Potions
 h - a potion of brilliance
 l - 5 potions of lignification
 m - a potion of mutation
 o - a potion of curing


   Skills:
 - Level 1.1 Fighting
 - Level 1.7 Dodging
 * Level 11.0 Unarmed Combat
 - Level 2.0 Spellcasting
 + Level 7.7 Transmutations


You had 6 spell levels left.
You knew the following spells:

 Your Spells              Type           Power        Failure   Level
a - Beastly Appendage     Tmut           ####..       4%          1
b - Wereblood             Tmut           ####....     4%          2
c - Spider Form           Tmut/Pois      ###.......   22%         3

Your spell library contained the following spells:

 Spells                   Type           Power        Failure   Level
 Summon Small Mammal      Summ           #...         32%         1
 Blade Hands              Tmut           ####......   36%         5
 Call Imp                 Summ           #.......     43%         2
 Ice Form                 Ice/Tmut       ###.....     52%         4
 Call Canine Familiar     Summ           #.......     63%         3
 Summon Guardian Golem    Hex/Summ       #.......     63%         3
 Summon Ice Beast         Ice/Summ       #.......     93%         4
 Summon Lightning Spire   Summ/Air       #.......     93%         4


Dungeon Overview and Level Annotations

Branches:
Dungeon (8/15)             Temple (0/1) D:6
   Lair: D:8-11

Altars:
Cheibriados
Gozag
Uskayaw
Vehumet

Shops:
D:6 =


Innate Abilities, Weirdness & Mutations

((You can walk through water.))
((Your dull iron-grey scales are very hard. (AC +12)))
You cannot fit into any form of body armour.
((You can survive without breathing.))
((You are cold-blooded and may be slowed by cold attacks.))


Message History

You are too injured to fight recklessly!
You are too injured to fight recklessly!
You hit the two-headed ogre.
The two-headed ogre is poisoned.
The two-headed ogre is lightly wounded.
You bite the two-headed ogre!
The two-headed ogre looks as sick as possible!
The two-headed ogre is moderately wounded.
The two-headed ogre completely misses you. x2
You hit the two-headed ogre.
The two-headed ogre looks as sick as possible!
The two-headed ogre is moderately wounded.
The two-headed ogre completely misses you.
The two-headed ogre hits you with a +0 giant spiked club!
You bite the two-headed ogre!
The two-headed ogre is severely wounded.
You hit the two-headed ogre.
The two-headed ogre looks as sick as possible!
The two-headed ogre is almost dead.
The two-headed ogre hits you with a +0 giant club!!
You die...

#.....######.###.. ..#
#....[### #.###.#...
#.......## #.#...#.# #
#####.#..###.#.#...#.###
#.##.....#...###....
#.#####...$......#.. #.#
#.†.....?...... #.#
#.††.......#. #.#
#.......sJ..# #.
#..#......O..#
....#.........#
..................
......#...##.##.....
#.######...#......## #.
#>..#... ..# ## (.. .##


You could see a two-headed ogre (extremely poisoned) and a jelly.

Vanquished Creatures
  Maggie (D:7)
  A hippogriff (D:7)
  Eustachio (D:6)
  Menkaure (D:6)
  Duvessa (D:5)
  An ice beast (D:6)
  A black bear (D:6)
  A necrophage (D:7)
  An ogre (D:5)
  A centaur (D:6)
  A gnoll sergeant (D:7)
  3 bullfrogs
  Dowan (D:5)
  3 scorpions
  3 wights (D:6)
  4 howler monkeys (D:8)
  A hound (D:6)
  4 orc wizards
  A gnoll shaman (D:7)
  3 orc priests
  A centaur skeleton (D:7)
  An iguana (D:6)
  5 worker ants
  14 gnolls
  8 adders
  An ufetubus (D:7)
  An ooze (D:1)
  An adder zombie (D:8)
  A worm (D:4)
  A dart slug (D:6)
  8 leopard geckos
  27 orcs
  5 giant cockroaches
  8 goblins
  8 hobgoblins
  2 jackals (D:4)
  4 quokkas
  5 bats
  11 frilled lizards
  16 kobolds
  A leopard gecko skeleton (D:5)
  5 rats
168 creatures vanquished.

Vanquished Creatures (others)
  6 plants (D:2)
6 creatures vanquished.

Grand Total: 174 creatures vanquished

Notes
Turn   | Place    | Note
-------+----------+-------------------------------------------
     0 | D:1      | kae the Draconian Transmuter began the quest for the Orb.
     0 | D:1      | Reached XP level 1. HP: 16/16 MP: 3/3
   230 | D:1      | Reached XP level 2. HP: 7/23 MP: 5/5
   779 | D:1      | Reached XP level 3. HP: 13/28 MP: 4/6
   783 | D:1      | Learned a level 2 spell: Wereblood
   787 | D:1      | Learned a level 3 spell: Spider Form
  1213 | D:1      | Reached skill level 4 in Unarmed Combat
  1862 | D:2      | Found an opulent altar of Gozag.
  2025 | D:2      | Found a radiant altar of Vehumet.
  2181 | D:2      | Reached XP level 4. HP: 35/35 MP: 7/7
  3829 | D:4      | Reached skill level 5 in Unarmed Combat
  4228 | D:4      | Reached XP level 5. HP: 31/40 MP: 4/8
  4645 | D:4      | Reached XP level 6. HP: 39/47 MP: 9/9
  4921 | D:4      | Reached skill level 6 in Unarmed Combat
  5163 | D:5      | Entered Level 5 of the Dungeon
  5594 | D:5      | Your scales start taking on a dull iron-grey colour.
  5594 | D:5      | Reached XP level 7. HP: 52/52 MP: 3/10
  5594 | D:5      | Gained mutation: You can survive without breathing. [Grey
                  | Draconian growth]
  5678 | D:5      | Noticed Duvessa
  5678 | D:5      | Noticed Dowan
  5692 | D:5      | Killed Duvessa
  5692 | D:5      | Reached skill level 7 in Unarmed Combat
  5702 | D:5      | Killed Dowan
  5702 | D:5      | Reached skill level 5 in Transmutations
  6438 | D:6      | Reached skill level 8 in Unarmed Combat
  6525 | D:6      | Noticed Menkaure
  6533 | D:6      | Killed Menkaure
  6533 | D:6      | Reached XP level 8. HP: 59/59 MP: 7/11
  6873 | D:6      | Noticed Eustachio
  6892 | D:6      | Killed Eustachio
  6892 | D:6      | Reached skill level 9 in Unarmed Combat
  6986 | D:6      | Found a snail-covered altar of Cheibriados.
  6992 | D:6      | Found a staircase to the Ecumenical Temple.
  7079 | D:6      | Found a hide-covered altar of Uskayaw.
  7096 | D:6      | Became a worshipper of Uskayaw the Reveler
  7217 | D:6      | Found Nunida's Jewellery Shoppe.
  7242 | D:6      | Reached * piety under Uskayaw
  7650 | D:7      | Reached ** piety under Uskayaw
  7654 | D:7      | Noticed Maggie
  7666 | D:7      | Reached *** piety under Uskayaw
  8159 | D:7      | Noticed a hippogriff
  8168 | D:7      | Reached **** piety under Uskayaw
  8169 | D:7      | Killed a hippogriff
  8169 | D:7      | Reached skill level 10 in Unarmed Combat
  8220 | D:7      | Reached XP level 9. HP: 64/64 MP: 8/12
  8736 | D:7      | Killed Maggie
  8930 | D:7      | Identified a scroll of acquirement
  8932 | D:7      | Acquired the amulet "Hasmiuxt" {Regen+ Dex+5 Stlth-}
  8980 | D:8      | Reached skill level 11 in Unarmed Combat
  8980 | D:8      | Reached ***** piety under Uskayaw
  8982 | D:8      | Noticed a two-headed ogre
  8991 | D:8      | Slain by a two-headed ogre

Illustrated notes

Levels and vault maps discovered:
D:1:      dpeg_arrival_morbid_curiosity, layout_loops_ring,
          minmay_strange_pillars
D:2:      layout_loops_corners, grunt_gozag_statues, vehumet_crystals,
          minmay_lizard_king
D:3:      layout_loops_corners
D:4:      layout_cave_pools
D:5:      layout_cave_pools, uniq_duvessa
D:6:      layout_basic, eat_drink_and_be_merry_uskayaw, kennysheep_slug_shrine,
          minmay_temple_entry_from_below_a, serial_shops,
          nicolae_shop_behind_doors, uniq_menkaure, uniq_eustachio
D:7:      layout_rooms, uniq_maggie
D:8:      layout_rooms, lair_entry_dummy

Skill      XL: |  1  2  3  4  5  6  7  8  9 |
---------------+----------------------------+-----
Unarmed Combat | 4 5 6 8 10 11 | 11.0
Transmutations | 3 4 5 7 |  7.7
Fighting       | |  1.1
Dodging        | |  1.7
Spellcasting   | |  2.0

Action                   |  1- 3 |  4- 6 |  7- 9 || total
-------------------------+-------+-------+-------++-------
Melee: Unarmed           |    37 |    43 |   192 ||   272
       Kick              |     8 |    12 |     1 ||    21
       Tailslap          |    13 |     8 |     3 ||    24
       Hand axe          |    96 |   136 |    64 ||   296
       Headbutt          |     3 |     8 |     4 ||    15
       Punch             |     1 |     3 |     7 ||    11
 Cast: Beastly Appendage |    19 |    20 |     4 ||    43
       Spider Form       |       |     7 |    22 ||    29
  Use: Scroll            |       |     8 |    10 ||    18
       Potion            |       |     3 |     2 ||     5
 Stab: Sleeping          |     1 |     5 |       ||     6
       Paralysed         |       |       |     9 ||     9
Armor: Skin              |    51 |    65 |    32 ||   148
Dodge: Dodged            |   112 |   165 |   223 ||   500

Table legend: (Time is in decaauts)
 A = Elapsed time spent in this place.
 B = Non-inter-level travel time spent in this place.
 C = Inter-level travel time spent in this place.
 D = Time resting spent in this place.
 E = Time spent auto-exploring this place.
 F = Levels seen in this place.
 G = Mean time per level.
                   A        B        C        D        E       F      G
               +--------+--------+--------+--------+--------+-----+--------+
         Total |   9038 |   8760 |    278 |   1503 |   5849 |   8 | 1129.8 |
       Dungeon |   9038 |   8760 |    278 |   1503 |   5849 |   8 | 1129.8 |
               +--------+--------+--------+--------+--------+-----+--------+

Top non-repeatable levels by time:
     D:6: 1716 daAuts
     D:1: 1525 daAuts
     D:3: 1433 daAuts
     D:2: 1207 daAuts
     D:5: 1188 daAuts
     D:4: 1060 daAuts
     D:7: 868 daAuts
     D:8: 38 daAuts
